 Dungeon Crawl Stone Soup version 0.29.1-1-gd02db6906a (webtiles) character file.

Game seed: 16163253751944016710

8371 groovy9 the Cleaver (level 11, -6/101 HPs)
             Began as a Minotaur Fighter on Sept 28, 2022.
             Was a Priest of Makhleb.
             Mangled by Snorg (11 damage)
             ... on level 11 of the Dungeon.
             The game lasted 00:34:18 (11481 turns).

groovy9 the Cleaver (Minotaur Fighter)             Turns: 11481, Time: 00:34:18

Health: -6/101     AC: 25    Str: 26    XL:     11   Next: 9%
Magic:  10/10      EV:  7    Int:  5    God:    Makhleb [***...]
Gold:   551        SH:  5    Dex: 15    Spells: 10/10 levels left

rFire   . . .      SeeInvis .   a - +0 war axe
rCold   . . .      Faith    .   c - +0 buckler
rNeg    . . .      Spirit   .   B - +4 plate armour
rPois   .          Reflect  .   (helmet restricted)
rElec   .          Harm     .   (no cloak)
rCorr   .          Rampage  .   y - +1 pair of gloves
Will    +....                   n - +2 pair of boots
Stlth   ..........              (no amulet)
HPRegen 0.26/turn               p - +6 ring of dexterity
MPRegen 0.12/turn               i - ring of willpower

@: no status effects
A: horns 2, retaliatory headbutt
a: Renounce Religion, Minor Destruction, Lesser Servant of Makhleb


You were on level 11 of the Dungeon.
You worshipped Makhleb.
Makhleb was most pleased with you.
You visited 2 branches of the dungeon, and saw 12 of its levels.

You collected 551 gold pieces.

Inventory:

Hand Weapons
 a - a +0 war axe (weapon)
 b - a +1 flail of holy wrath
 w - a +0 vampiric whip
Missiles
 k - 4 throwing nets (quivered)
Armour
 c - a +0 buckler (worn)
 h - a +1 scale mail of willpower
 n - a +2 pair of boots (worn)
 y - a +1 pair of gloves (worn)
 B - a +4 plate armour (worn)
Jewellery
 i - a ring of willpower (right hand)
 p - a +6 ring of dexterity (left hand)
 x - a ring of fire
Wands
 f - a wand of paralysis (8)
 r - a wand of quicksilver (7)
 s - a wand of iceblast (14)
 t - a wand of polymorph (13)
 u - a wand of flame (12)
Scrolls
 d - a scroll of magic mapping
 l - a scroll of blinking {unknown}
 m - a scroll of amnesia
 v - 2 scrolls of poison
Potions
 e - 3 potions of mutation
 g - 2 potions of flight
 j - 2 potions of curing
 o - 2 potions of brilliance
 q - 3 potions of ambrosia
 z - a potion of magic


   Skills:
 + Level 10.3 Fighting
 + Level 13.7 Axes
 + Level 12.5 Armour
 - Level 3.6 Shields


You had 10 spell levels left.
You didn't know any spells.
Your spell library contained the following spells:

 Spells                   Type           Power      Damage    Failure   Level
 Freeze                   Ice            0%         1d3       99%         1
 Shock                    Conj/Air       0%         1d3       99%         1
 Sting                    Tmut/Pois      0%         1d3       99%         1
 Poisonous Vapours        Pois/Air       0%         N/A       100%        2
 Frozen Ramparts          Ice            0%         1d1       100%        3
 Swiftness                Air            0%         N/A       100%        3
 Airstrike                Air            0%         2d(0-16)  100%        4
 Hailstorm                Conj/Ice       0%         3d3       100%        4
 Olgreb's Toxic Radiance  Pois           0%         N/A       100%        4
 Petrify                  Tmut/Erth      0%         N/A       100%        4
 Metabolic Englaciation   Hex/Ice        0%         N/A       100%        5
 Statue Form              Tmut/Erth      0%         N/A       100%        6


Dungeon Overview and Level Annotations

Branches:
Dungeon (11/15)            Temple (1/1) D:5             Orc (0/2) D:9
   Lair: D:8-11

Altars:
Ashenzari
Cheibriados
Dithmenos
Elyvilon
Fedhas
Gozag
Hepliaklqana
Kikubaaqudgha
Makhleb
Nemelex Xobeh
Okawaru
Qazlal
Trog
Uskayaw
Vehumet
Wu Jian
Xom
Yredelemnul
Zin
The Shining One

Annotations:
D:9 2 transporters
D:10 Harold; Joseph; Urug; hawla's ghost, novice FeFE
D:11 Snorg


Innate Abilities, Weirdness & Mutations

You have a pair of horns on your head.
You reflexively headbutt those who attack you in melee.


Message History

You slice Snorg!! Your headbutt misses Snorg.
Snorg is heavily wounded.
Snorg goes berserk!
You barely miss Snorg.
Snorg is heavily wounded.
Snorg bites you! Snorg claws you. You block Snorg's attack.
You slice Snorg!! Your headbutt misses Snorg.
Snorg is heavily wounded.
Snorg bites you but does no damage. Snorg claws you but does no damage.
Snorg claws you! You block Snorg's attack. Snorg claws you. x2
You slice Snorg!!
Snorg is severely wounded.
Snorg bites you. Snorg claws you but does no damage. x2
You barely miss Snorg.
Snorg is severely wounded.
Snorg bites you! Snorg closely misses you. Snorg claws you but does no damage.
A troll comes into view.
You closely miss Snorg.
Snorg is severely wounded.
Snorg bites you but does no damage. Snorg claws you but does no damage.
Snorg barely misses you.
You closely miss Snorg.
Snorg is severely wounded.
Snorg barely misses you.
You block Snorg's attack. x2; Snorg bites you!
* * * LOW HITPOINT WARNING * * *
You block Snorg's attack. Snorg claws you but does no damage.
You slash Snorg! You headbutt Snorg!
Snorg is severely wounded.
Snorg bites you but does no damage. Snorg claws you!
* * * LOW HITPOINT WARNING * * *
Snorg barely misses you.
You hit Snorg.
Snorg is severely wounded.
Snorg bites you but does no damage. Snorg claws you!
* * * LOW HITPOINT WARNING * * *
Snorg claws you but does no damage.
You closely miss Snorg. You headbutt Snorg.
Snorg is almost dead.
Snorg bites you but does no damage. Snorg claws you!
You die...

################## #
#......[.......... ..
#...............#. ...
#....####.......#. ....
#....# #.......#. .T...
#....# #.(.....#.
......#@...# #.......#.
...T..T....####.......#.
~.....#.................
...##+###########'######
.. #.............
#.............
#.............
#.............
#.............


You could see Snorg (berserk) and a troll.

Vanquished Creatures
  Erica (D:8)
  2 two-headed ogres (D:11)
  A cyclops (D:11)
  A kobold demonologist (D:11)
  3 trolls (D:11)
  2 shadows
  9 yaks (D:8)
  2 steam dragons
  3 water moccasins
  An ice beast (D:6)
  3 orc warriors
  2 black bears
  An ogre (D:7)
  5 centaurs
  4 kobold brigands
  The ghost of GloriousHammer the Caller, an amateur FeSu (D:4)
  3 scorpions (D:5)
  6 killer bees (D:9)
  An electric eel (D:9)
  A howler monkey (D:9)
  6 hounds
  11 orc priests
  4 gnoll boudas
  2 jellies
  7 iguanas
  5 orc wizards
  3 adders
  15 gnolls
  2 white imps (D:7)
  4 worms
  37 orcs
  5 bats
  7 endoplasms
  6 giant cockroaches
  5 goblins
  6 hobgoblins
  5 jackals
  2 quokkas
  6 ball pythons
  A frilled lizard (D:1)
  25 kobolds
  9 rats
225 creatures vanquished.

Notes
Turn   | Place    | Note
-------+----------+-------------------------------------------
     0 | D:1      | groovy9 the Minotaur Fighter began the quest for the Orb.
     0 | D:1      | Reached XP level 1. HP: 19/19 MP: 0/0
     0 | D:1      | Noticed an ogre
     1 | D:1      | Noticed a formicid
     3 | D:1      | Noticed a demigod
    13 | D:1      | Noticed a merfolk zombie
    17 | D:1      | Noticed a felid
   111 | D:1      | Reached skill level 3 in Axes
   156 | D:1      | Reached XP level 2. HP: 25/26 MP: 1/1
   704 | D:1      | Reached skill level 4 in Axes
   790 | D:1      | You fall into a shaft and drop 1 floor!
   920 | D:1      | Reached XP level 3. HP: 31/31 MP: 2/2
  1116 | D:2      | Found a basalt altar of Yredelemnul.
  2128 | D:3      | Reached skill level 5 in Axes
  2527 | D:3      | Reached XP level 4. HP: 39/39 MP: 3/3
  2664 | D:4      | Found a large runed translucent door.
  2664 | D:4      | Found a large runed translucent door.
  2666 | D:4      | Noticed GloriousHammer's ghost (amateur FeSu)
  2762 | D:4      | Identified the +1 leather armour "Vijekaol" {Int+5}
  2801 | D:4      | Noticed a moth of wrath
  2819 | D:4      | Reached skill level 6 in Axes
  2902 | D:4      | Found an iron altar of Okawaru.
  3065 | D:4      | Noticed a black bear
  3080 | D:4      | Killed a black bear
  3081 | D:4      | Reached skill level 7 in Axes
  3081 | D:4      | Reached XP level 5. HP: 40/45 MP: 4/4
  3213 | D:4      | Found a bloodstained altar of Trog.
  3450 | D:4      | Killed GloriousHammer's ghost
  3451 | D:4      | Reached XP level 6. HP: 44/51 MP: 5/5
  3518 | D:5      | Entered Level 5 of the Dungeon
  3534 | D:5      | Noticed a water moccasin
  3562 | D:5      | Killed a water moccasin
  3563 | D:5      | Reached skill level 8 in Axes
  3731 | D:5      | Reached skill level 5 in Armour
  3858 | D:5      | Found a staircase to the Ecumenical Temple.
  3880 | D:5      | Reached XP level 7. HP: 57/57 MP: 6/6
  3929 | D:5      | Noticed a wyvern
  3967 | Temple   | Entered the Ecumenical Temple
  4390 | D:5      | Reached skill level 5 in Fighting
  4521 | D:5      | Reached XP level 8. HP: 37/70 MP: 7/7
  4746 | D:5      | Found a burning altar of Makhleb.
  4749 | D:5      | Became a worshipper of Makhleb the Destroyer
  5927 | D:6      | Found a radiant altar of Vehumet.
  5927 | D:6      | Found a blossoming altar of Fedhas.
  5929 | D:6      | Found a snail-covered altar of Cheibriados.
  6348 | D:6      | Found a hazy altar of Hepliaklqana.
  6350 | D:6      | Found a glowing golden altar of the Shining One.
  6505 | D:7      | Reached skill level 9 in Axes
  6625 | D:7      | Reached * piety under Makhleb
  6626 | D:7      | Reached XP level 9. HP: 50/82 MP: 8/8
  7718 | D:8      | Reached skill level 10 in Axes
  7762 | D:8      | Reached skill level 11 in Axes
  8044 | D:8      | Reached skill level 10 in Armour
  8326 | D:8      | Noticed Erica
  8363 | D:8      | Killed Erica
  8364 | D:8      | Reached skill level 12 in Axes
  8364 | D:8      | Reached XP level 10. HP: 36/90 MP: 9/9
  8969 | D:9      | Found a transporter.
  9204 | D:9      | Found a staircase to the Orcish Mines.
  9225 | D:9      | Reached ** piety under Makhleb
  9784 | D:9      | Found a basalt altar of Yredelemnul.
  9784 | D:9      | Noticed a death knight
  9785 | D:9      | Noticed a death knight
  9786 | D:9      | Found an ancient bone altar of Kikubaaqudgha.
  9790 | D:9      | Found a transporter.
 10051 | D:10     | Entered Level 10 of the Dungeon
 10059 | D:10     | Noticed an ettin
 10061 | D:10     | Noticed hawla's ghost (novice FeFE)
 10062 | D:10     | Noticed a two-headed ogre
 10145 | D:10     | Found a broken altar of Ashenzari.
 10185 | D:10     | Noticed Harold
 10191 | D:10     | Noticed Urug
 10293 | D:10     | Noticed Joseph
 10360 | D:11     | Noticed a two-headed ogre
 10377 | D:11     | Killed a two-headed ogre
 10377 | D:11     | Reached *** piety under Makhleb
 10378 | D:11     | Reached skill level 13 in Axes
 10696 | D:11     | Noticed a cyclops
 10709 | D:11     | Killed a cyclops
 10875 | D:11     | Reached skill level 10 in Fighting
 10990 | D:11     | Noticed a two-headed ogre
 11001 | D:11     | Killed a two-headed ogre
 11002 | D:11     | Reached XP level 11. HP: 43/100 MP: 10/10
 11462 | D:11     | Noticed Snorg
 11480 | D:11     | HP: 5/101 [Snorg (8)]
 11481 | D:11     | Mangled by Snorg

Illustrated notes

Levels and vault maps discovered:
D:1:      shiori_arrival_whats_in_store_for_you, layout_basic, roderic_lattice_a
D:2:      layout_basic, basic_altar
D:3:      layout_basic, corner_web_ring, kennysheep_boxes
D:4:      layout_cave_pools, tgw_trog, kennysheep_okawaru_gauntlet,
          ebering_ghost_disaster_area
D:5:      layout_loops_ring, kennysheep_mini, minmay_temple_entry_mini_moons,
          st_stairs_12, lightli_corner_chamber
D:6:      layout_cave_pods, nicolae_overflow_hidden_temple
D:7:      layout_gridville
D:8:      layout_loops_corners, uniq_erica
D:9:      layout_basic, gammafunk_temple_of_torment, orc_0_dummy
D:10:     layout_big_octagon, nicolae_ru_great_annihilating_truth, led_sif_pool,
          nicolae_ashenzari_panopticon, serial_gnoll_camp,
          gnoll_camp_mini_basic, gnoll_camp_mini_hut, gnoll_camp_mini_hut,
          gnoll_camp_medium_01, gammafunk_ghost_split,
          dreamdust_princess_bridge, uniq_harold, uniq_urug, uniq_joseph
D:11:     layout_stronghold, erik_lair_island, serial_column_ruins,
          column_ruins_grid_1, column_ruins_open_medium,
          column_ruins_columns_straight, column_ruins_open_small_water,
          column_ruins_open_large, column_ruins_grid_1, serial_shops, shop,
          uniq_snorg, uniq_nergalle, uniq_lodul
Temple:   hellmonk_temple_beads

Skill      XL: |  1  2  3  4  5  6  7  8  9 10 |
---------------+-------------------------------+-----
Axes           | 3 4 5 7 8 9 12 13 | 13.7
Armour         | 6 8 10 12 | 12.5
Fighting       | 5 8 10 | 10.3
Shields        | |  3.6

Action                   |  1- 3 |  4- 6 |  7- 9 | 10-12 || total
-------------------------+-------+-------+-------+-------++-------
Melee: War axe           |    79 |    96 |   259 |   186 ||   620
       Headbutt          |     8 |    12 |    44 |    42 ||   106
  Use: Scroll            |     9 |     1 |     3 |     3 ||    16
       Potion            |     2 |     4 |     8 |       ||    14
 Stab: Distracted        |       |       |       |     1 ||     1
Armor: Scale mail        |    41 |    27 |    89 |     7 ||   164
       Skin              |       |     9 |    12 |       ||    21
       Plate armour      |       |       |       |   136 ||   136
Dodge: Dodged            |    33 |    22 |    97 |    63 ||   215
Block: Buckler           |    17 |    13 |    48 |    45 ||   123
